 Dungeon Crawl Stone Soup version 0.32-a0-589-g2d1f746d5d (webtiles) character file.

Game seed: 1237949455127179742

65 protoss039 the Digger (level 3, -3/27 HPs)
             Began as a Demonspawn Earth Elementalist on Mar 3, 2024.
             Slain by Grinder (4 damage)
             ... on level 3 of the Dungeon.
             The game lasted 00:03:47 (2154 turns).

protoss039 the Digger (DsEE)                        Turns: 2154, Time: 00:03:48

Health: -3/27      AC: 10    Str: 14    XL:     3   Next: 92%
Magic:  2/6        EV: 12    Int: 17    God:
Gold:   112        SH:  0    Dex: 13    Spells: 3/7 levels left

rFire   . . .        j - +1 dagger (venom)
rCold   + . .        (no shield)
rNeg    . . .        a - +0 robe
rPois   .            (no helmet)
rElec   .            (no cloak)
rCorr   .            r - +0 pair of gloves
SInv    .            q - +0 pair of boots
Will    .....        (no amulet)
Stlth   ++           f - +6 ring of strength
HPRegen 0.24/turn    e - ring of protection from cold
MPRegen 0.10/turn

%: no passive effects
@: sanguine armoured
A: foul stench 1, sanguine armour 1
a: no special abilities


You were on level 3 of the Dungeon.
You visited 1 branch of the dungeon, and saw 3 of its levels.

You collected 112 gold pieces.

Inventory:

Hand Weapons
 j - a +1 dagger of venom (weapon)
Armour
 a - a +0 robe (worn)
 q - a +0 pair of boots (worn)
 r - a +0 pair of gloves (worn)
Jewellery
 e - a ring of protection from cold (right hand)
 f - a +6 ring of strength (left hand)
Scrolls
 d - 3 scrolls of teleportation {unknown}
 g - a scroll of silence {unknown}
 h - a scroll of blinking {unknown}
 k - a scroll of vulnerability {unknown}
 l - 2 scrolls of identify {unknown}
 o - a scroll of amnesia {unknown}
Potions
 b - a potion of magic
 c - a potion of enlightenment {unknown}
 i - a potion of might {unknown}
 m - a potion of mutation {unknown}
 n - 2 potions of curing {unknown}
 p - a potion of invisibility {unknown}
 s - 2 potions of lignification {unknown}


   Skills:
 + Level 1.7 Fighting
 * Level 1.2 Short Blades
 - Level 1.7 Dodging
 - Level 1.7 Stealth
 + Level 2.5 Spellcasting
 - Level 1.0 Conjurations
 + Level 3.2 Earth Magic


You had 3 spell levels left.
You knew the following spells:

 Your Spells              Type           Power      Damage    Failure   Level
a - Sandblast             Erth           26%        2d8       4%          1
b - Passwall              Erth           13%        N/A       14%         3

Your spell library contained the following spells:

 Spells                   Type           Power      Damage    Failure   Level
 Static Discharge         Conj/Air       6%         3-4/arc   22%         2
 Stone Arrow              Conj/Erth      18%        3d8       22%         3
 Call Canine Familiar     Summ           2%         N/A       50%         3
 Ozocubu's Armour         Ice            2%         N/A       50%         3
 Sigil of Binding         Hex            2%         N/A       50%         3
 Brom's Barrelling Bould  Conj/Erth      9%         2d3       58%         4
 Petrify                  Alch/Erth      7%         N/A       67%         4
 Airstrike                Air            1%         2d(1-17)  88%         4
 Dimensional Bullseye     Hex/Tloc       1%         N/A       88%         4
 Summon Lightning Spire   Summ/Air       2%         N/A       88%         4
 Metabolic Englaciation   Hex/Ice        1%         N/A       99%         5
 Sculpt Simulacrum        Ice/Alch       1%         N/A       100%        6


Dungeon Overview and Level Annotations

Branches:
Dungeon (3/15) Zot: 15824

Altars:
Hepliaklqana
Ru

Shops:
D:1 =

Annotations:
D:3 Grinder


Innate Abilities, Weirdness & Mutations

You may rarely emit foul miasma when damaged in melee.
When seriously injured, your blood forms armour. (AC +6)


Message History

Unknown command.
Casting: Sandblast (safe; 4% risk of failure)
Confirm with . or Enter, or press ? or * to list all spells.
You don't know that spell.
Unknown command.
Unknown command.
Casting: Sandblast (safe; 4% risk of failure)
Confirm with . or Enter, or press ? or * to list all spells.
Aiming: Sandblast (safe; 4% risk of failure)
Press: ? - help, Shift-Dir - straight line, f - Grinder
Aim: Grinder, carrying a wand of flame (80% to hit)
The blast of sand hits Grinder!
Grinder is moderately wounded.
Grinder gestures at you. You resist with significant effort.
Casting: Sandblast (safe; 4% risk of failure)
Confirm with . or Enter, or press ? or * to list all spells.
Aiming: Sandblast (safe; 4% risk of failure)
Press: ? - help, Shift-Dir - straight line, f/p - Grinder
Aim: Grinder, carrying a wand of flame (moderately wounded, 80% to hit)
The blast of sand hits Grinder.
Grinder is moderately wounded.
Grinder zaps a wand.
The puff of flame hits you.
Unknown command.
You are too injured to fight recklessly!
You hit Grinder.
Grinder is moderately wounded.
Grinder zaps a wand.
The puff of flame hits you!
* * * LOW HITPOINT WARNING * * *
Unknown command.
Press: ? - help, v - describe, . - travel
Here: Grinder, carrying a wand of flame (moderately wounded)
The floor.
You hit Grinder but do no damage.
Grinder is moderately wounded.
Grinder hits you.
* * * LOW HITPOINT WARNING * * *
You writhe in agony.
You die...
Grinder sighs, "Dead already?
I want a refund."

#. ..... #. ####.##
###.### ....... . #.....#
#.... #.#.....# #..<.
........# #.##. #.....#
#.##. #.....# #.##.
###.#@# ########.##)
.#####.#5# .............
.........##.# #######.##.
....#.......#########.##.
#......###....(........
#.......#..#..#####.##.
#..#.......#...# #.##.
#..#.......#...# #.### #.
###...####..# #.#


You could see Grinder.

Vanquished Creatures
  An adder (D:3)
  2 ribbon worms (D:2)
  A dart slug (D:2)
  3 ball pythons
  6 bats
  4 endoplasms
  3 goblins
  6 hobgoblins
  5 kobolds
  2 quokkas
  6 frilled lizards
  10 rats
49 creatures vanquished.

Notes
Turn   | Place    | Note
-------+----------+-------------------------------------------
     0 | D:1      | protoss039 the Demonspawn Earth Elementalist began the
                  | quest for the Orb.
     0 | D:1      | Reached XP level 1. HP: 13/13 MP: 3/3
   286 | D:1      | Gained mutation: When seriously injured, your blood forms
                  | armour. (AC +6) [demonic ancestry]
   286 | D:1      | Reached XP level 2. HP: 16/20 MP: 0/5
   491 | D:1      | Found Zuuj's Jewellery Shoppe.
   580 | D:1      | Reached skill level 1 in Fighting
   642 | D:1      | Reached skill level 3 in Earth Magic
  1270 | D:2      | Gained mutation: You may rarely emit foul miasma when
                  | damaged in melee. [demonic ancestry]
  1270 | D:2      | Reached XP level 3. HP: 26/26 MP: 2/6
  1777 | D:2      | Reached skill level 1 in Short Blades
  1881 | D:2      | Learned a level 3 spell: Passwall
  1945 | D:3      | Found a hazy altar of Hepliaklqana.
  2073 | D:3      | Found a faded altar of an unknown god.
  2107 | D:3      | Found a sacrificial altar of Ru.
  2143 | D:3      | Noticed Grinder
  2154 | D:3      | HP: 1/27 [Grinder (5)]
  2154 | D:3      | Slain by Grinder

Illustrated notes

Levels and vault maps discovered:
D:1:      dpeg_arrival_arbitrary_c, layout_basic, serial_shops,
          nicolae_shop_gaudy_bauble, minmay_nonomino_d4
D:2:      minmay_chambers_of_ones, layout_rooms, serial_bayou_pond_b,
          corexii_shack, minivault_19, kennysheep_generic_room_11
D:3:      layout_loops_ring, lemuel_tele_altar, hangedman_ru_absence,
          shapermc_ecumenical_altar_ellora, nicolae_figureground_pulse,
          uniq_grinder

Skill      XL: |  1  2  3 |
---------------+----------+-----
Fighting       | 1 |  1.7
Earth Magic    | 3 |  3.2
Short Blades   | 1 |  1.2
Dodging        | |  1.7
Stealth        | |  1.7
Spellcasting   | |  2.5
Conjurations   | |  1.0

Action                     || total
---------------------------++-------
  Melee: Unarmed           ||    13
         Dagger            ||    45
   Cast: Sandblast         ||    44
   Stab: Sleeping          ||     3
 Armour: Robe              ||    39
  Dodge: Dodged            ||    56

Table legend: (Time is in decaauts)
 A = Elapsed time spent in this place.
 B = Non-inter-level travel time spent in this place.
 C = Inter-level travel time spent in this place.
 D = Time resting spent in this place.
 E = Time spent auto-exploring this place.
 F = Levels seen in this place.
 G = Mean time per level.
                   A        B        C        D        E       F      G
               +--------+--------+--------+--------+--------+-----+--------+
         Total |   2174 |   2117 |     57 |      0 |   1782 |   3 |  724.7 |
       Dungeon |   2174 |   2117 |     57 |      0 |   1782 |   3 |  724.7 |
               +--------+--------+--------+--------+--------+-----+--------+

Top non-repeatable levels by time:
     D:1: 1196 daAuts
     D:2: 704 daAuts
     D:3: 273 daAuts
